 Dungeon Crawl Stone Soup version 0.31-a0-731-ga75f04deac (webtiles) character file.

Game seed: 3834582524047381161

7105 iskra the Grappler (level 10, -7/100 HPs)
             Began as a Troll Berserker on Sept 12, 2023.
             Was an Elder of Trog.
             Mangled by a wyvern (16 damage)
             ... on level 11 of the Dungeon.
             The game lasted 00:14:59 (8495 turns).

iskra the Grappler (Troll Berserker)                Turns: 8495, Time: 00:15:00

Health: -7/100     AC:  6    Str: 30 (31) XL:     10   Next: 84%
Magic:  18/18      EV: 11    Int:  2 (3)  God:    Trog [****..]
Gold:   845        SH:  4    Dex:  9      Spells: 9/9 levels left

rFire   . .          .
                       - Unarmed
rCold   . . .        (no shield)
rNeg    + . .        t - +0 troll leather armour
rPois   .            (helmet restricted)
rElec   .            g - +0 cloak
rCorr   .            (gloves unavailable)
SInv    .            (boots unavailable)
Will    ++...        (no amulet)
Stlth   +            q - ring of positive energy
HPRegen 2.96/turn    p - ring of magical power
MPRegen 0.16/turn

%: no passive effects
@: about to teleport, strong-willed, regenerating
A: large, unfitting armour, claws 3, regeneration 1, shaggy fur 1, tough skin 1,
antennae 1, large bone plates 1, deterioration 1, wild magic 1
a: Renounce Religion, Berserk, Trog's Hand, Brothers in Arms


You were on level 11 of the Dungeon.
You worshipped Trog.
Trog was greatly pleased with you.
You visited 1 branch of the dungeon, and saw 11 of its levels.

You collected 845 gold pieces.

Inventory:

Armour
 g - a +0 cloak (worn)
 t - a +0 troll leather armour (worn)
Jewellery
 p - a ring of magical power (right claw)
 q - a ring of positive energy (left claw)
Talismans
 i - a beast talisman
Wands
 c - a wand of polymorph (13)
 d - a wand of flame (10)
 j - a wand of roots (1) (quivered)
 r - a wand of mindburst (16)
Scrolls
 b - 3 scrolls of teleportation
 f - 4 scrolls of blinking
 k - 3 scrolls of poison
 n - 4 scrolls of revelation
 o - 2 scrolls of enchant armour
 s - a scroll of enchant weapon
 u - a scroll of immolation
 v - a scroll of amnesia {unknown}
 w - a scroll of fear
Potions
 a - a potion of might
 e - 2 potions of haste
 h - a potion of attraction
 l - 4 potions of curing
 m - a potion of cancellation
 x - a potion of mutation


   Skills:
 + Level 6.9 Fighting
 + Level 6.8 Dodging
 * Level 11.3 Unarmed Combat
 + Level 6.1 Shapeshifting


You had 9 spell levels left.
You didn't know any spells.
Your spell library was empty.

Dungeon Overview and Level Annotations

Branches:
Dungeon (11/15)            Temple (0/1) D:7            Lair (0/5) D:11
    Orc (0/2) D:9

Altars:
Fedhas
Hepliaklqana
Kikubaaqudgha
Makhleb
Nemelex Xobeh
Trog
Uskayaw
Vehumet
Wu Jian
Xom
Yredelemnul
The Shining One

Shops:
D:3 (   D:9 :   D:10 :


Innate Abilities, Weirdness & Mutations

You are too large for most types of armour.
You have claws for hands.
Your natural rate of healing is unusually fast.
You are covered in fur. (AC +1)
You have tough skin. (AC +1)
You have a pair of small antennae on your head.
You are partially covered in large bone plates. (SH +4)
Your body sometimes deteriorates upon taking damage.
Your spells are a little harder to cast, but a little more powerful.


Message History

The wyvern bites you! The basilisk gazes at you. The yak gores you!
The wyvern bites you! x2
* * * LOW HITPOINT WARNING * * *
The yak gores you!
* * * LOW HITPOINT WARNING * * *
The basilisk bites you.
* * * LOW HITPOINT WARNING * * *
The wyvern bites you!
* * * LOW HITPOINT WARNING * * *
The basilisk barely misses you. The yak gores you but does no damage.
The wyvern barely misses you. x2; The yak gores you.
The basilisk bites you!
* * * LOW HITPOINT WARNING * * *
The wyvern bites you but does no damage.
The yak gores you!
* * * LOW HITPOINT WARNING * * *
The basilisk bites you. The wyvern bites you.
* * * LOW HITPOINT WARNING * * *
The wyvern bites you.
* * * LOW HITPOINT WARNING * * *
The basilisk bites you!
* * * LOW HITPOINT WARNING * * *
The yak gores you!
* * * LOW HITPOINT WARNING * * *
You turn to flesh and can move again.
Blink to where?
Press: ? - help, Dir - move target
As you read the scroll of blinking, it crumbles to dust.
Your skin crawls.
You feel strong-willed. Trog will no longer gift you weapons.
You feel better.
Okay, then.
You fail to use your ability.
The wyvern bites you!
* * * LOW HITPOINT WARNING * * *
As you read the scroll of teleportation, it crumbles to dust.
You feel strangely unstable. The wyvern bites you!
You die... #...#..P.. #......... #.. #.....$... #..# #.......>. ##....## #......... #:.....## #......... ... ...# ########...#.P..P ..# #..# #......Y.### P.P

..####..#
#...@ll..# .
...##...#
#..#####...#
........## ##..#
#####
.........###..##
.######...##..#
## ##.....## #
##...## ##
#...##
.######...##


You could see a yak, a basilisk and a wyvern.

Vanquished Creatures
  A two-headed ogre (D:8)
  A manticore (D:9)
  Maurice (D:8)
  A troll (D:10)
  4 wyverns
  2 wraiths (D:9)
  Grum (D:8)
  Menkaure (D:5)
  A steam dragon (D:6)
  3 water moccasins
  2 acid dragons
  7 orc warriors
  An ice beast (D:6)
  A black bear (D:6)
  2 sky beasts
  An ogre (D:5)
  2 wolves (D:8)
  3 centaurs
  2 phantoms (D:7)
  3 kobold brigands
  2 gnoll sergeants
  2 bullfrogs
  3 scorpions
  5 wights
  4 killer bees (D:10)
  5 howler monkeys
  3 hounds
  5 orc priests
  Crazy Yiuf (D:2)
  A sleepcap (D:5)
  An iguana (D:5)
  7 orc wizards
  10 gnolls
  4 adders
  2 shadow imps
  A white imp (D:7)
  2 ufetubi
  3 worms
  2 dart slugs
  43 orcs
  4 ball pythons
  9 bats
  5 endoplasms
  3 giant cockroaches
  8 goblins
  5 hobgoblins
  6 jackals
  3 quokkas
  3 frilled lizards
  16 kobolds
  6 rats
214 creatures vanquished.

Vanquished Creatures (collateral kills)
  An orc warrior (D:9)
  4 orcs (D:9)
5 creatures vanquished.

Vanquished Creatures (others)
  A human (D:5)
  A dart slug (D:2)
2 creatures vanquished.

Grand Total: 221 creatures vanquished

Notes
Turn   | Place    | Note
-------+----------+-------------------------------------------
     0 | D:1      | iskra the Troll Berserker began the quest for the Orb.
     0 | D:1      | Reached XP level 1. HP: 22/22 MP: 0/0
    78 | D:1      | Reached XP level 2. HP: 29/29 MP: 1/1
   327 | D:1      | Reached XP level 3. HP: 36/36 MP: 2/2
   428 | D:1      | Reached ** piety under Trog
   766 | D:2      | Reached skill level 4 in Unarmed Combat
   773 | D:2      | Reached XP level 4. HP: 44/44 MP: 3/3
  1340 | D:2      | Found a runed translucent door.
  1341 | D:2      | Noticed Crazy Yiuf
  1350 | D:2      | Killed Crazy Yiuf
  1712 | D:3      | Reached XP level 5. HP: 53/53 MP: 4/4
  2213 | D:3      | Found Orrock's Weapon Shoppe.
  2436 | D:4      | Reached skill level 5 in Unarmed Combat
  2528 | D:4      | Reached XP level 6. HP: 61/61 MP: 5/5
  2544 | D:4      | Reached *** piety under Trog
  2652 | D:4      | Found a burning altar of Makhleb.
  3028 | D:5      | Entered Level 5 of the Dungeon
  3170 | D:5      | Reached skill level 6 in Unarmed Combat
  3170 | D:5      | Reached XP level 7. HP: 57/68 MP: 6/6
  3462 | D:5      | You fall into a shaft and drop 2 floors!
  3486 | D:7      | Reached skill level 1 in Shapeshifting
  3543 | D:7      | Reached skill level 7 in Unarmed Combat
  3560 | D:7      | Gained mutation: You are partially covered in large bone
                  | plates. (SH +4) [potion of mutation]
  3560 | D:7      | Gained mutation: Your spells are a little harder to cast,
                  | but a little more powerful. [potion of mutation]
  3560 | D:7      | Gained mutation: Your body sometimes deteriorates upon
                  | taking damage. [potion of mutation]
  3560 | D:7      | Gained mutation: You have a pair of small antennae on your
                  | head. [potion of mutation]
  3624 | D:7      | Found a staircase to the Ecumenical Temple.
  3705 | D:5      | Reached XP level 8. HP: 78/79 MP: 7/7
  3784 | D:5      | Found a shimmering altar of Xom.
  3873 | D:5      | Found an ancient bone altar of Kikubaaqudgha.
  4020 | D:5      | Noticed Menkaure
  4028 | D:5      | Killed Menkaure
  4573 | D:6      | Reached **** piety under Trog
  4739 | D:6      | Reached skill level 8 in Unarmed Combat
  4743 | D:6      | Reached skill level 5 in Fighting
  4746 | D:6      | Reached skill level 5 in Dodging
  5310 | D:7      | Reached XP level 9. HP: 87/87 MP: 8/8
  5395 | D:7      | Found a shimmering altar of Xom.
  5755 | D:8      | Reached skill level 9 in Unarmed Combat
  5785 | D:8      | Noticed Maurice
  5787 | D:8      | Noticed a two-headed ogre
  5797 | D:8      | Killed a two-headed ogre
  5821 | D:8      | Killed Maurice
  5867 | D:8      | Noticed Grum
  5881 | D:8      | Reached skill level 10 in Unarmed Combat
  5881 | D:8      | Reached skill level 5 in Shapeshifting
  5881 | D:8      | Reached XP level 10. HP: 63/98 MP: 9/9
  5885 | D:8      | Killed Grum
  6433 | D:8      | Found a sparkling altar of Nemelex Xobeh.
  6439 | D:8      | Found a radiant altar of Vehumet.
  6440 | D:8      | Found a basalt altar of Yredelemnul.
  6440 | D:8      | Found a hazy altar of Hepliaklqana.
  6440 | D:8      | Found a bloodstained altar of Trog.
  6440 | D:8      | Found an ornate altar of the Wu Jian Council.
  6441 | D:8      | Found a hide-covered altar of Uskayaw.
  6442 | D:8      | Found a blossoming altar of Fedhas.
  6731 | D:9      | Found a staircase to the Orcish Mines.
  6865 | D:9      | Found Ypsaofa's Book Emporium.
  6929 | D:9      | Noticed a manticore
  6943 | D:9      | Killed a manticore
  7264 | D:9      | Reached ***** piety under Trog
  7312 | D:9      | Reached skill level 11 in Unarmed Combat
  7481 | D:10     | Entered Level 10 of the Dungeon
  7959 | D:10     | Identified the staff of Checks and Balances {Int+10 Earth}
  8124 | D:10     | Found a glowing golden altar of the Shining One.
  8159 | D:10     | Found Qumnec's Vocational Training.
  8475 | D:11     | Found a staircase to the Lair.
  8490 | D:11     | HP: 5/100 [basilisk (6)]
  8490 | D:11     | HP: 2/100 [yak (3)]
  8495 | D:11     | Mangled by a wyvern

Illustrated notes

Levels and vault maps discovered:
D:1:      lightli_arrival_maybe_door_vault, layout_loops_ring, chequers_jeans
D:2:      layout_loops_corners, uniq_crazy_yiuf_cottage
D:3:      layout_loops_ring, serial_shops, nicolae_shop_real_fake_doors,
          minivault_14
D:4:      layout_basic, mainiacjoe_overflow_catwalk, kennysheep_generic_room_4
D:5:      layout_basic, tgw_kikubaaqudgha, xom_teletrap_fun, dk_noncrumbling_2,
          uniq_menkaure
D:6:      layout_loops_corners
D:7:      layout_rooms, minmay_temple_entry_grid, st_stairs_8,
          minmay_ruined_shrine
D:8:      layout_gridville, minitemple, uniq_grum, uniq_maurice
D:9:      layout_roguey [special_room_orc], david_orc_3, serial_shops, shop,
          kennysheep_generic_room_11
D:10:     layout_basic, mainiacjoe_overflow_alcove_2, nicolae_shop_vocational
D:11:     layout_basic, david_lair_generic, nicolae_sextant

Skill      XL: |  1  2  3  4  5  6  7  8  9 10 |
---------------+-------------------------------+-----
Unarmed Combat | 4 5 6 7 8 10 11 | 11.3
Dodging        | 3 4 5 6 |  6.8
Fighting       | 3 4 5 6 |  6.9
Shapeshifting  | 2 3 5 6 |  6.1

Action                     |  1- 3 |  4- 6 |  7- 9 | 10-12 || total
---------------------------+-------+-------+-------+-------++-------
  Melee: Unarmed           |    74 |   150 |   166 |   150 ||   540
         Punch             |     4 |     2 |     5 |     3 ||    14
 Invoke: Berserk           |     1 |     3 |     4 |     1 ||     9
         Trog's Hand       |       |     1 |       |     2 ||     3
         Brothers in Arms  |       |       |       |     1 ||     1
  Evoke: Wand              |       |       |     5 |    13 ||    18
    Use: Scroll            |     2 |     4 |     2 |     4 ||    12
         Potion            |       |     6 |     4 |     2 ||    12
   Stab: Sleeping          |       |       |     1 |       ||     1
 Armour: Animal skin       |    74 |   124 |   121 |    90 ||   409
         Skin              |       |       |     4 |       ||     4
         Troll leather arm |       |       |       |    41 ||    41
  Dodge: Dodged            |    67 |    88 |    88 |    72 ||   315
  Block: Other             |       |       |    30 |    18 ||    48

Table legend: (Time is in decaauts)
 A = Elapsed time spent in this place.
 B = Non-inter-level travel time spent in this place.
 C = Inter-level travel time spent in this place.
 D = Time resting spent in this place.
 E = Time spent auto-exploring this place.
 F = Levels seen in this place.
 G = Mean time per level.
                   A        B        C        D        E       F      G
               +--------+--------+--------+--------+--------+-----+--------+
         Total |   8478 |   8246 |    232 |    698 |   5988 |  11 |  770.7 |
       Dungeon |   8478 |   8246 |    232 |    698 |   5988 |  11 |  770.7 |
               +--------+--------+--------+--------+--------+-----+--------+

Top non-repeatable levels by time:
     D:6: 1096 daAuts
     D:2: 1057 daAuts
     D:8: 994 daAuts
     D:5: 970 daAuts
    D:10: 885 daAuts
     D:9: 798 daAuts
     D:3: 707 daAuts
     D:1: 631 daAuts
     D:4: 613 daAuts
     D:7: 601 daAuts
    D:11: 122 daAuts
